 Dungeon Crawl Stone Soup version 0.18.1-48-g4cf74bf (webtiles) character file.

129 Alarkh the Poker (level 4, -3/33 HPs)
             Began as a Mummy Skald on July 28, 2016.
             Killed from afar by an orc wizard (13 damage)
             ... with a puff of flame
             ... on level 4 of the Dungeon on July 30, 2016.
             The game lasted 00:04:48 (2786 turns).

Alarkh the Poker (Mummy Skald)                      Turns: 2786, Time: 00:04:48

Health: -3/33      AC:  3    Str: 15    XL:     4   Next: 88%
Magic:  3/7        EV: 11    Int: 12    God:
Gold:   88         SH:  0    Dex: 11    Spells: 1 memorised, 6 levels left

rFire  x . .     SeeInvis .     a - +0 spear
rCold  + . .     Gourm    .     b - +0 leather armour
rNeg   + + +     Faith    .     (no shield)
rPois  ∞         Spirit   .     (no helmet)
rElec  .         Dismiss  .     (no cloak)
rCorr  .         Reflect  .     (no gloves)
SustAt .         Harm     .     (no boots)
MR     .....                    (no amulet)
Stlth  +.........               (no ring)
                                (no ring)

@: infused (expiring), not resistant to hostile enchantments, very unstealthy
A: no food or potions, fire vulnerability, cold resistance 1, negative energy
resistance 3, torment resistance, unbreathing
a: no special abilities


You were on level 4 of the Dungeon.
You were not hungry.

You visited 1 branch of the dungeon, and saw 4 of its levels.

You collected 88 gold pieces.

Inventory:

Hand Weapons
 a - a +0 spear (weapon)
Armour
 b - a +0 leather armour (worn)
Scrolls
 d - a scroll of random uselessness {unknown}
 e - 2 scrolls of amnesia {unknown}
 f - 2 scrolls of enchant weapon {unknown}
 g - 3 scrolls of identify {unknown}
 h - a scroll of teleportation {unknown}
 i - a scroll of magic mapping {unknown}
 j - a scroll of enchant armour {unknown}
Books
 c - a book of Battle

   Spells                             Type                      Level
   a - Infusion                       Charms                       1
   b - Shroud of Golubria             Charms/Translocation         2
   c - Song of Slaying                Charms                       2
   d - Spectral Weapon                Hexes/Charms                 3
   e - Regeneration                   Charms/Necromancy            3


   Skills:
 - Level 2.0 Fighting
 + Level 4.2 Polearms
 - Level 0.7 Armour
 - Level 0.7 Dodging
 - Level 2.0 Spellcasting
 - Level 2.4 Charms


You had 6 spell levels left.
You knew the following spells:

 Your Spells              Type           Power        Failure   Level  Hunger
a - Infusion              Chrm           #...         14%         1    N/A

Dungeon Overview and Level Annotations

Branches:
Dungeon (4/15)
 Temple: D:4-7

Altars:
Okawaru

Annotations:
D:3 Sigmund


Innate Abilities, Weirdness & Mutations

You do not eat or drink.
Your flesh is vulnerable to fire.
You are immune to poison.
Your flesh is cold resistant.
You are immune to negative energy.
You are immune to unholy pain and torment.
You can survive without breathing.


Message History

The orc is severely wounded.
Attack whom?
Press: ? - help, Dir - move target cursor, f - orc
Aim: an orc, wielding a flail and wearing a chain mail Something you can't see is in the way.
You closely miss something.
Attack whom?
Press: ? - help, Dir - move target cursor, f/p - orc
Aim: an orc, wielding a mace and wearing a ring mail (severely wounded)
Something you can't see is in the way.
You barely miss something.
You hear some strange, mumbled words.
A magic dart appears from out of thin air!
The magic dart hits you!
You are too injured to fight recklessly!
Your magical infusion is running out.
You hear some strange, mumbled words.
A puff of flame appears from out of thin air!
The puff of flame hits you! The fire burns you terribly!
A puff of flame appears from out of thin air!
The puff of flame hits you! The fire burns you terribly!
You die...

# .##. ....
####..#####
.......o..#
.....o##.##
.....
#.#######
...#
#....@..#
..
#######.# .
#.# #.# #.#
#.# #<# ###


There were no monsters in sight!

Vanquished Creatures
  A howler monkey (D:2)
  2 adders
  3 worms (D:2)
  2 dart slugs
  3 giant geckos
  2 ball pythons
  5 giant cockroaches
  5 goblins
  9 hobgoblins
  3 jackals (D:3)
  3 kobolds
  A ball python skeleton (D:4)
  5 bats
  4 giant newts
  7 rats
55 creatures vanquished.

Notes
Turn   | Place    | Note
--------------------------------------------------------------
     0 | D:1      | Alarkh the Mummy Skald began the quest for the Orb.
     0 | D:1      | Reached XP level 1. HP: 16/16 MP: 3/3
   114 | D:1      | Reached skill level 2 in Polearms
   157 | D:1      | Reached XP level 2. HP: 14/22 MP: 0/5
   841 | D:2      | Reached XP level 3. HP: 24/27 MP: 0/6
   867 | D:2      | Reached skill level 3 in Polearms
  1885 | D:2      | Found an iron altar of Okawaru.
  2247 | D:2      | Reached skill level 4 in Polearms
  2247 | D:2      | Reached XP level 4. HP: 18/33 MP: 1/7
  2638 | D:3      | Noticed Sigmund
  2786 | D:4      | Killed from afar by an orc wizard

Skill      XL: |  1  2  3 |
---------------+----------+-----
Polearms       | 2 4 |  4.2
Fighting       | |  2.0
Armour         | |  0.7
Dodging        | |  0.7
Spellcasting   | |  2.0
Charms         | |  2.4

Action                   |  1- 3 |  4- 6 || total
-------------------------+-------+-------++-------
Melee: Spear             |   187 |    58 ||   245
 Cast: Infusion          |    29 |     7 ||    36
Armor: Leather armour    |    54 |    11 ||    65
Dodge: Dodged            |    77 |    36 ||   113
